[Event "Early-Titled-Tuesday-Blitz-September-12-2023"]
[Site "Chess.com"]
[Date "2023.09.12"]
[Round "4"]
[White "KorolDimitriy75"]
[Black "masnyszachistaaa"]
[Result "1-0"]
[WhiteElo "2382"]
[BlackElo "2544"]
[TimeControl "180+1"]
[EndTime "8:38:34 PDT"]
[Termination "KorolDimitriy75 won on time"]

1. d4 Nf6 2. c4 e6 3. Nc3 Bb4 4. Qc2 O-O 5. e4 d5 6. cxd5 exd5 7. e5 Ne4 8. Bd3 f5 9. Ne2 c5 10. O-O Bxc3 11. bxc3 Nc6 12. f3 Ng5 13. Ba3 c4 14. Bxf8 cxd3 15. Qxd3 Qxf8 16. c4 Be6 17. Nf4 dxc4 18.
Qc3 Bf7 19. d5 Ne7 20. e6 Bg6 21. h4 Nxf3+ 22. Qxf3 Rd8 23. Rad1 Nc8 24. h5 Be8 25. Qf2 b6 26. Qd4 Nd6 27. Qe5 Qe7 28.
h6 gxh6 29. Rf3 Bg6 30. Rg3 Qg7 31. Qe2 Ne4 32. Re3 Nc3 33. Qd2 Nxd1 34. Qxd1 Qe7 35.
Qd4 Qg7 36. Qxc4 Qe7 37. Qd4 Rd6 38. Qe5 b5 39. Nxg6 hxg6 40. Qxd6 Qxd6 41. e7 1-0

[Event "Early-Titled-Tuesday-Blitz-September-12-2023"]
[Site "Chess.com"]
[Date "2023.09.12"]
[Round "4"]
[White "Russian_berezka"]
[Black "MAGMAchess02"]
[Result "1-0"]
[WhiteElo "2617"]
[BlackElo "2442"]
[TimeControl "180+1"]
[EndTime "8:38:35 PDT"]
[Termination "Russian_berezka won on time"]

1. d4 Nf6 2. c4 c5 3. d5 b5 4. cxb5 a6 5. bxa6 g6 6. Nc3 Bg7 7. e4 O-O 8. Be2 Qa5 9. Bd2 Bxa6 10. e5 Ne8 11. Nf3 d6 12. e6 Nc7 13. exf7+ Rxf7 14. Ng5 Rf5 15. O-O Nd7 16. Bg4 Bxf1 17. Bxf5 Bb5 18.
Nxb5 Qxb5 19. a4 Qxb2 20. Rb1 Qd4 21. Bxd7 Qxd5 22. h4 h6 23. Nh3 Ne6 24. Qg4 Nf8 25.
Be3 Qf7 26. Bb5 e6 27. Qg3 Be5 28. Qg4 Bf6 29. Bxh6 d5 30. Bg5 Nh7 31. Qf4 Bxg5 32. Qxf7+ Kxf7 33. Nxg5+ Nxg5 34. hxg5 Rb8 35. f4 Ke7 36. a5 c4 37. a6 Kd6 38. a7 Ra8 39.
Ra1 Kc5 40. Bd7 Kd6 41. Bc8 1-0

[Event "Early-Titled-Tuesday-Blitz-September-12-2023"]
[Site "Chess.com"]
[Date "2023.09.12"]
[Round "4"]
[White "kuba2006"]
[Black "emeli_chess"]
[Result "1-0"]
[WhiteElo "2536"]
[BlackElo "2354"]
[TimeControl "180+1"]
[EndTime "8:38:37 PDT"]
[Termination "kuba2006 won on time"]

1. b3 e5 2. Bb2 Nc6 3. e3 a6 4.
f4 exf4 5. exf4 d5 6. Nf3 Bg4 7. Be2 Nf6 8. O-O Bc5+ 9. d4 Ba7 10. h3 Bxf3 11. Bxf3 O-O 12. Kh1 Re8 13. c3 Ne4 14. Bxe4 Rxe4 15. Nd2 Re3 16. Nf3 Qd7 17. Qd2 Re4 18.
Rae1 Rae8 19. Ne5 Nxe5 20. fxe5 Rxe1 21. Qxe1 f6 22. Qg3 fxe5 23. dxe5 Qe6 24. Re1 c6 25. Bc1 Bb8 26. Bf4 Qf5 27. Qe3 Re6 28. Bg3 h6 29.
Qb6 Bxe5 30. Qe3 Bxg3 31. Qxe6+ Qxe6 32. Rxe6 Kf7 33. Re3 Bd6 34. g4 g5 35. Kg2 Bf4 36. Re2 c5 37. Kf3 b5 38. c4 dxc4 39. bxc4 b4 40. Re1 a5 41. Ke4 Ke6 42. Rd1 a4 43. Rd8 b3 44. axb3 axb3 45. Rd3 b2 46. Rb3 1-0

[Event "Early-Titled-Tuesday-Blitz-September-12-2023"]
[Site "Chess.com"]
[Date "2023.09.12"]
[Round "4"]
[White "cukin84"]
[Black "OlaaLa"]
[Result "0-1"]
[WhiteElo "2213"]
[BlackElo "2414"]
[TimeControl "180+1"]
[EndTime "8:38:37 PDT"]
[Termination "OlaaLa won by resignation"]

1. e4 e5 2. Nf3 Nc6 3. c3 d5 4.
Qa4 dxe4 5. Nxe5 Qd5 6. Nxc6 bxc6 7. Bc4 Qd6 8. d3 exd3 9. O-O Be7 10. Bxd3 Nf6 11. Bf4 Qd5 12. Rd1 Bd7 13. Ba6 Qf5 14. Bb7 O-O 15. Bxa8 Rxa8 16. Nd2 c5 17. Qc4 Bc6 18. Bg3 Bd6 19. Bxd6 cxd6 20. f3 Rb8 21. b3 Nd5 22. Qe4 Qf6 23. Qd3 Nf4 24. Qf1 Qxc3 25. Ne4 Qe5 26. Nxd6 h5 27. Ne4 Bxe4 28. fxe4 Qxe4 29.
Re1 Qd4+ 30. Qf2 Nd3 31. Qxd4 cxd4 32. Red1 Nf4 33. Kf2 Ne6 34. Rd2 Rd8 35. Re1 Kf8 36. g3 Ke7 37. Kf3 Kf6 38. h3 Rc8 39. Kg2 Rc3 40. g4 h4 41. Rf2+ Ke7 42. Rf4 Rc2+ 43. Rf2 Rc3 44. Rd2 Kd6 45. Kh2 Kd5 46. Rf1 f6 47. Rf5+ Ke4 48. Rf1 Re3 49. Rfd1 d3 50. Rc1 Ng5 51. Rc4+ Kf3 52. Rd4 Re2+ 53. Rxe2 dxe2 54.
Rd3+ Kf4 55. Rd4+ Ke3 56. Rd8 e1=Q 57. Re8+ Ne4 58. Rxe4+ Kxe4 0-1

[Event "Early-Titled-Tuesday-Blitz-September-12-2023"]
[Site "Chess.com"]
[Date "2023.09.12"]
[Round "4"]
[White "WaybackBoy"]
[Black "whiteglovethief"]
[Result "0-1"]
[WhiteElo "2704"]
[BlackElo "2545"]
[TimeControl "180+1"]
[EndTime "8:38:39 PDT"]
[Termination "whiteglovethief won by resignation"]

1. d4 d5 2. c4 e6 3. Nf3 h6 4.
g3 Nf6 5. Bg2 Bd6 6. O-O O-O 7.
b3 dxc4 8. bxc4 Nc6 9. Nc3 e5 10. d5 Na5 11. Nd2 b6 12. Bb2 a6 13. e4 Bd7 14. Qc2 c5 15. dxc6 Nxc6 16. Nd5 Rc8 17. Qb3 b5 18. cxb5 axb5 19. Rfd1 Nxd5 20. exd5 Na5 21.
Qe3 f5 22. Bxe5 Re8 23. Nf3 Nc4 24. Qb3 Nxe5 25. Nxe5 Bxe5 26. Rac1 Kh8 27. d6 Qb6 28. Qf7 Rxc1 29. Rxc1 Qxd6 30. Bf3 Rf8 31. Qh5 Be8 32. Qh4 f4 33. Rd1 Qf6 34. Qxf6 Bxf6 35. gxf4 Bf7 36. Rb1 Bc4 37. Bc6 Bxa2 38. Rxb5 Rc8 39. Be4 Bc4 40. Rb4 Bg8 41. f3 Bh7 42. Kg2 Rf8 43. Kg3 Be7 44. Rd4 Bc5 45. Rd3 Ba7 46. Bxh7 Kxh7 47. h4 Bb8 48. Rd4 h5 49. Rb4 g6 50.
Rb7+ Kh6 51. Rb4 Bd6 52. Rd4 Bc7 53. Rc4 Bb8 54. Rb4 Kg7 55. Rb7+ Kg8 56. Rb4 Bd6 57. Rd4 Rf6 58. Rc4 Rxf4 59. Rc6 Rd4+ 60. Kg2 Kf7 0-1

[Event "Early-Titled-Tuesday-Blitz-September-12-2023"]
[Site "Chess.com"]
[Date "2023.09.12"]
[Round "4"]
[White "colegiodemadrid"]
[Black "inagreV"]
[Result "0-1"]
[WhiteElo "2469"]
[BlackElo "2268"]
[TimeControl "180+1"]
[EndTime "8:38:39 PDT"]
[Termination "inagreV won by resignation"]

1. e4 e5 2. Nf3 Nc6 3. Bc4 Nf6 4. d4 exd4 5. e5 d5 6. Bb5 Ne4 7. Nxd4 Bd7 8. Bxc6 bxc6 9. O-O Bc5 10. Be3 O-O 11. f3 Ng5 12. f4 f6 13. exf6 Nh3+ 14. gxh3 Bxh3 15. Nd2 Qxf6 16. N2f3 Bxf1 17. Qxf1 Rae8 18. Qf2 Re4 19. c3 Rfe8 20. Re1 Bb6 21. Ng5 R4e7 22. Bd2 Rxe1+ 23. Bxe1 h6 24. Ngf3 Qxf4 25. Bd2 Qe4 26. a4 Re6 27. a5 Rg6+ 28. Kf1 Bxa5 29. Qe3 Qxe3 30. Bxe3 Bb6 31. Kf2 a5 32. Nb3 a4 33.
Nc5 Bxc5 34. Bxc5 Rf6 35. Bd4 Rf5 36. Ke3 g5 37. h3 Kf8 38. Ne5 Rf1 39. Nxc6 Rh1 40.
Nb4 Rxh3+ 41. Ke2 Rh2+ 42. Bf2 g4 43. Kf1 h5 44. Nxd5 h4 45. Nxc7 g3 46. Bc5+ Kg8 47. Ba3 Rf2+ 48. Kg1 h3 49. Nd5 h2+ 50. Kh1 Rf1+ 51.
Kg2 h1=Q+ 52. Kxg3 Qxd5 0-1

[Event "Early-Titled-Tuesday-Blitz-September-12-2023"]
[Site "Chess.com"]
[Date "2023.09.12"]
[Round "4"]
[White "Sanan_Sjugirov"]
[Black "karinachess1"]
[Result "1-0"]
[WhiteElo "2919"]
[BlackElo "2611"]
[TimeControl "180+1"]
[EndTime "8:38:40 PDT"]
[Termination "Sanan_Sjugirov won by checkmate"]

1. e4 e5 2. Nf3 Nc6 3. Bc4 Bc5 4. d3 Nf6 5. a4 O-O 6. O-O a6 7. Bg5 h6 8. Bh4 Be7 9. Bg3 d6 10. c3 Be6 11. Nbd2 Qd7 12. Re1 Bxc4 13. Nxc4 b5 14. Ne3 g6 15. Bh4 Nh5 16. Bxe7 Qxe7 17. Nd5 Qd7 18. axb5 axb5 19. Qb3 Rxa1 20. Rxa1 Rb8 21. g3 Kg7 22. Ra6 Ne7 23. Ne3 Nf6 24. Kg2 c6 25.
Qa2 Rb7 26. Ra8 Qe6 27. Qxe6 fxe6 28. Rd8 Rd7 29. Ra8 g5 30. h4 g4 31. Nd2 d5 32.
Nb3 dxe4 33. Nc5 Rd6 34. dxe4 Rd2 35. b4 Kf7 36. Ra7 Ne8 37. Nxg4 Nd6 38. Nxe5+ Kf6 39. Ng4+ Kf7 40. Nxh6+ Kf6 41. e5+ Kxe5 42. Rxe7 Nc4 43. Rxe6+ Kd5 44. Nf5 Rc2 45. Ne7# 1-0

[Event "Early-Titled-Tuesday-Blitz-September-12-2023"]
[Site "Chess.com"]
[Date "2023.09.12"]
[Round "4"]
[White "Gareth-Bale11"]
[Black "tteshan"]
[Result "1-0"]
[WhiteElo "2784"]
[BlackElo "2559"]
[TimeControl "180+1"]
[EndTime "8:38:40 PDT"]
[Termination "Gareth-Bale11 won by resignation"]

1. e4 c5 2. Nf3 Nc6 3. Bb5 e6 4. O-O Nge7 5. Re1 a6 6. Bf1 d5 7. exd5 Nxd5 8. d4 Nf6 9. Be3 cxd4 10. Nxd4 Bd7 11. c4 Be7 12. Nc3 O-O 13. h3 Nxd4 14.
Qxd4 Bc6 15. Rad1 Qxd4 16. Bxd4 Rfd8 17. Bb6 Rxd1 18. Rxd1 Kf8 19. Be2 Ke8 20. a3 Nd7 21. Bd4 Bf6 22. b4 Bxd4 23. Rxd4 Nf6 24. a4 Rd8 25. Rxd8+ Kxd8 26. b5 axb5 27. axb5 Be8 28. c5 Nd7 29. Na4 Kc7 30. f4 e5 31. fxe5 Nxe5 32.
Kf2 f5 33. Ke3 g5 34. Kd4 Ng6 35. Nc3 Bf7 36. Bf3 f4 37. b6+ Kc8 38. Nb5 Be6 39. Nd6+ Kd7 40. Nxb7 Ne7 41. Na5 Bf7 42. Ke5 h5 43. c6+ Nxc6+ 44. Bxc6+ Kc8 45. Kf6 1-0

[Event "Early-Titled-Tuesday-Blitz-September-12-2023"]
[Site "Chess.com"]
[Date "2023.09.12"]
[Round "4"]
[White "The_Princess_Moon"]
[Black "PattyCastillo"]
[Result "1/2-1/2"]
[WhiteElo "2265"]
[BlackElo "2001"]
[TimeControl "180+1"]
[EndTime "8:38:41 PDT"]
[Termination "Game drawn by stalemate"]

1. e4 c5 2. Nf3 d6 3. c3 Nf6 4. h3 Nc6 5. Bd3 e5 6. Bc2 Be7 7. O-O O-O 8. Re1 Qc7 9. d4 cxd4 10.
cxd4 Bd7 11. Nc3 a6 12. Bg5 exd4 13. Nxd4 Nxd4 14. Qxd4 Be6 15. Rac1 Qa5 16. Bxf6 Bxf6 17. Qxd6 Rfd8 18. Qg3 Rac8 19. e5 Be7 20. a3 g6 21. Ne4 Rxc2 22. Nf6+ Bxf6 23. exf6 Rxc1 24. Rxc1 Qd2 25. Qc7 h5 26. Rc2 Qd1+ 27. Kh2 Qd6+ 28. Kg1 Qxc7 29. Rxc7 Rd1+ 30. Kh2 Bd5 31. Kg3 Rd2 32.
Rc8+ Kh7 33. Rd8 g5 34. f3 Kg6 35. Rd6 h4+ 36. Kh2 Kf5 37. Kg1 Ke5 38. Rb6 Rc2 39. Kf1 Bc6 40. Rb4 Kxf6 41. f4 Bxg2+ 42. Kg1 Bxh3 43.
fxg5+ Kxg5 44. a4 b5 45. axb5 axb5 46. b3 f5 47. Rd4 Bg4 48. b4 h3 49. Rd3 h2+ 50. Kh1 f4 51. Rd5+ Bf5 52. Rxf5+ Kxf5 1/2-1/2

[Event "Early-Titled-Tuesday-Blitz-September-12-2023"]
[Site "Chess.com"]
[Date "2023.09.12"]
[Round "4"]
[White "mishanick"]
[Black "Alexandr_Predke"]
[Result "1/2-1/2"]
[WhiteElo "3082"]
[BlackElo "2894"]
[TimeControl "180+1"]
[EndTime "8:38:42 PDT"]
[Termination "Game drawn by repetition"]

1. d4 Nf6 2. c4 e6 3. Nc3 Bb4 4. e3 b6 5. Bd3 Bb7 6. Nf3 c5 7.
O-O O-O 8. Bd2 cxd4 9. exd4 d5 10.
cxd5 exd5 11. Ne5 Nbd7 12. Bg5 Be7 13. Re1 Re8 14. Qf3 Nxe5 15. Rxe5 Rc8 16. Rae1 Ne4 17. Nxe4 dxe4 18. Bxe4 Bxg5 19. Bxb7 Rxe5 20. dxe5 Qd2 21. Rf1 Rc1 22. g3 Rc5 23. Rd1 Qxd1+ 24. Qxd1 Rc1 25.
Bf3 Kf8 26. Kg2 Rxd1 27. Bxd1 Bc1 28. b4 Bb2 29. f4 a5 30. b5 Ke7 31. Bc2 h6 32. Kf3 f6 33. Ke4 fxe5 34. fxe5 Bc3 35. Kd5 Be1 36. Kc6 Bf2 37. Bf5 Bg1 38. h3 Bf2 39. h4 Bg1 40. h5 Bd4 41. Kd5 Bf2 42. g4 Be3 43. Bd3 Bc1 44. Ke4 Bb2 45. Kf5 Bc3 46.
Bc4 Bb2 47. Ke4 Bc3 48. Kd5 Be1 49. Kc6 Bf2 50. Bd5 Be3 51. Bc4 Bf2 52. Bd5 Be3 53.
Bc4 Bf2 1/2-1/2

[Event "Early-Titled-Tuesday-Blitz-September-12-2023"]
[Site "Chess.com"]
[Date "2023.09.12"]
[Round "4"]
[White "Djager97"]
[Black "tdf98pantani"]
[Result "1-0"]
[WhiteElo "2553"]
[BlackElo "2724"]
[TimeControl "180+1"]
[EndTime "8:38:42 PDT"]
[Termination "Djager97 won on time"]

1. e4 c5 2. Nf3 d6 3. d4 cxd4 4. Nxd4 Nf6 5. Nc3 a6 6. Bg5 Nbd7 7. Qe2 h6 8. Bd2 e5 9. Nb3 b5 10. O-O-O Bb7 11. f4 Be7 12. g4 exf4 13. Bxf4 O-O 14. Rg1 b4 15. Nd5 Nxd5 16. exd5 Bg5 17. Qd2 a5 18. Bxg5 hxg5 19. Kb1 Ne5 20. Be2 a4 21. Nd4 b3 22. Nf5 g6 23. h4 bxc2+ 24. Qxc2 gxh4 25. Rh1 Rc8 26. Qe4 g5 27. Bd3 Nxd3 28.
Ne7+ Kg7 29. Nxc8 Ne5 30. Na7 Qd7 31. Rc1 Re8 32. Nc6 Nxg4 33. Qd4+ Ne5 34. Nxe5 Rxe5 35. Rhg1 f6 36. Rcd1 Bxd5 37. Qb4 Qe6 38. a3 Kg6 39.
Ka1 h3 40. Rc1 h2 41. Rh1 Bxh1 42. Rxh1 1-0

[Event "Early-Titled-Tuesday-Blitz-September-12-2023"]
[Site "Chess.com"]
[Date "2023.09.12"]
[Round "4"]
[White "cottage_cheese"]
[Black "bennyficial"]
[Result "1-0"]
[WhiteElo "2322"]
[BlackElo "2146"]
[TimeControl "180+1"]
[EndTime "8:38:43 PDT"]
[Termination "cottage_cheese won by resignation"]

1. e4 c5 2. Nf3 g6 3. c4 Bg7 4. d4 cxd4 5. Nxd4 Nc6 6. Be3 Nf6 7. Nc3 O-O 8. Be2 b6 9. O-O Bb7 10. Nc2 Rc8 11. b3 d6 12. Qd2 Re8 13. Rad1 Ne5 14. f3 Qc7 15. h3 Qb8 16. f4 Ned7 17. Bf3 a5 18. Rde1 Nc5 19. Bf2 Qa8 20. Nd5 Nxd5 21. cxd5 Ba6 22. Bxc5 bxc5 23. Be2 Bxe2 24. Qxe2 a4 25. Ne3 axb3 26. axb3 Qb7 27. Rb1 Ra8 28. Nc4 Qb4 29. Qf3 Reb8 30. e5 dxe5 31. fxe5 Ra2 32. Qxf7+ Kh8 33. Qxe7 Qc3 34. Qxc5 Bxe5 35. Rf8+ Kg7 36.
Qe7+ Kh6 37. Qh4+ Kg7 38. Qe7+ Kh6 39. Rxb8 Qd4+ 40. Kh1 Bxb8 41. Qf8+ Kh5 42. Qxb8 Qe4 43. Qe5+ Qxe5 44. Nxe5 Re2 45. Nf3 Re3 46. Rd1 Rd3 47.
Rxd3 g5 48. d6 1-0

[Event "Early-Titled-Tuesday-Blitz-September-12-2023"]
[Site "Chess.com"]
[Date "2023.09.12"]
[Round "4"]
[White "NicolaiMaxime"]
[Black "farzadbfd"]
[Result "1-0"]
[WhiteElo "2543"]
[BlackElo "2691"]
[TimeControl "180+1"]
[EndTime "8:38:44 PDT"]
[Termination "NicolaiMaxime won on time"]

1. e4 e5 2. Nf3 Nc6 3. Nc3 Nf6 4. a3 d6 5. h3 g6 6. Bc4 Bg7 7. d3 O-O 8. Be3 Be6 9. Qd2 d5 10. exd5 Nxd5 11. Nxd5 Bxd5 12. Bxd5 Qxd5 13. O-O Rad8 14. Bh6 f5 15. Bxg7 Kxg7 16. Rfe1 Rfe8 17. Qc3 Kg8 18. Re2 e4 19. Rae1 Re7 20. dxe4 fxe4 21. Rd2 Qf7 22. Ne5 Qe8 23. Nxc6 bxc6 24. Rxd8 Qxd8 25.
Qxc6 Qd4 26. Qb5 Rf7 27. Qe8+ Kg7 28. Qxe4 Qxf2+ 29. Kh1 Qf6 30. Qe5 Rd7 31. Re2 Rd1+ 32.
Kh2 Rd7 33. b4 c6 34. Qxf6+ Kxf6 35. Re8 Rc7 36. Kg3 Kf7 37. Re5 Kf6 38. Rc5 Ke6 39. Kf4 Kd6 40. Kg5 Rf7 41. Kh6 Rf2 42. g4 Rf3 43. Kxh7 Rxh3+ 44. Kxg6 Rxa3 45. c3 Ra1 46. Kg7 Rg1 47. g5 Kc7 48. g6 Kb6 49. Kf7 1-0

[Event "Early-Titled-Tuesday-Blitz-September-12-2023"]
[Site "Chess.com"]
[Date "2023.09.12"]
[Round "4"]
[White "carloseduar100"]
[Black "Zarinur"]
[Result "1-0"]
[WhiteElo "2306"]
[BlackElo "2490"]
[TimeControl "180+1"]
[EndTime "8:38:44 PDT"]
[Termination "carloseduar100 won on time"]

1. e4 e5 2. Nf3 Nc6 3. Nc3 Nf6 4.
Nxe5 Nxe5 5. d4 Ng6 6. e5 Ng8 7. Bc4 d6 8. Qf3 Be6 9. Qxb7 Bxc4 10. Qc6+ Qd7 11. Qxa8+ Ke7 12. exd6+ Qxd6 13. Be3 Nf6 14. O-O-O a6 15. Bg5 Kd7 16. Rhe1 Be7 17. Qf3 Rb8 18.
Qf5+ Be6 19. Qc5 Qxh2 20. Qa7 Rb6 21. d5 Bf5 22. d6 Bxd6 23. Bxf6 Qf4+ 24. Kb1 Bxc2+ 25.
Kxc2 Qxf2+ 26. Re2 Rxb2+ 27. Kxb2 Qxa7 28. Bxg7 Qb6+ 29. Kc2 Nf4 30. Bd4 Qb4 31. Red2 Kc8 32. Bf6 Ne6 33. Nd5 Qc4+ 34. Kb1 Nc5 35. Ne7+ Bxe7 36. Bxe7 Na4 37. Bf6 Qb4+ 38. Ka1 Nc3 39. Rd8+ Kb7 40. Rc1 Nxa2 41. Rb1 1-0

[Event "Early-Titled-Tuesday-Blitz-September-12-2023"]
[Site "Chess.com"]
[Date "2023.09.12"]
[Round "4"]
[White "TigrVShlyape"]
[Black "AlexPapasimakopoulos"]
[Result "1-0"]
[WhiteElo "2957"]
[BlackElo "2771"]
[TimeControl "180+1"]
[EndTime "8:38:45 PDT"]
[Termination "TigrVShlyape won by checkmate"]

1. d4 d5 2. Bf4 c5 3. e3 Nc6 4.
c3 Qb6 5. Qb3 c4 6. Qc2 e5 7.
dxe5 Bf5 8. Qc1 f6 9. exf6 Nxf6 10. Nf3 Bc5 11. Be2 O-O 12. O-O Nh5 13. Bg5 h6 14.
Bh4 g5 15. Bg3 Nxg3 16. hxg3 Qc7 17. Nd4 Nxd4 18. cxd4 Bd6 19. Nc3 Be6 20. Bf3 Qf7 21. e4 dxe4 22. Bxe4 Rad8 23. Qc2 a6 24. a4 Bb4 25. Rad1 Bg4 26. Rd2 h5 27. d5 h4 28.
gxh4 gxh4 29. Rd4 Qg7 30. Rxc4 Bd6 31. Bh7+ Kh8 32. Qg6 Qxg6 33. Bxg6 Bd7 34. Rxh4+ Kg7 35.
Bd3 Rh8 36. Rxh8 Rxh8 37. g3 Be5 38. Re1 Re8 39. Bc2 a5 40. Kg2 Kf6 41. f4 Bd4 42. Rxe8 Bxe8 43. Kf3 Bf7 44. Bb3 Bg6 45. Ne4+ Bxe4+ 46.
Kxe4 Bxb2 47. g4 Bc1 48. d6 Ba3 49. g5+ Kg7 50. Ke5 Kf8 51. Bc4 Bb2+ 52. Ke6 Ke8 53. f5 Bc1 54. g6 Bh6 55. Bb5+ Kd8 56. f6 Bf8 57. g7 b6 58. gxf8=R# 1-0

[Event "Early-Titled-Tuesday-Blitz-September-12-2023"]
[Site "Chess.com"]
[Date "2023.09.12"]
[Round "4"]
[White "C_K_G"]
[Black "NowInChess"]
[Result "1-0"]
[WhiteElo "1975"]
[BlackElo "2253"]
[TimeControl "180+1"]
[EndTime "8:38:45 PDT"]
[Termination "C_K_G won on time"]

1. e4 e6 2. Nf3 d5 3. Nc3 Nf6 4.
e5 Nfd7 5. d4 c5 6. Bg5 f6 7. exf6 Nxf6 8. Bb5+ Bd7 9. Qe2 Nc6 10.
Nxd5 Be7 11. Nxf6+ Bxf6 12. Bxf6 Qxf6 13. d5 Nd4 14.
Nxd4 cxd4 15. dxe6 Bxb5 16. Qxb5+ Ke7 17. Qd7+ Kf8 18.
O-O h6 19. Rae1 Re8 20. Re4 Qe7 21. Rf4+ Kg8 22. Rf7 Qxd7 23. Rxd7 Rxe6 24. Rxd4 Rb6 25. b3 Rc6 26. c4 Kh7 27. g3 Rf8 28. Re1 Rcf6 29. Re2 R8f7 30. Rde4 Rf3 31. Re7 Kg6 32. Rxf7 Rxf7 33. Kg2 Rd7 34. h4 Rd1 35. f3 Ra1 36. g4 h5 37. Kg3 Rg1+ 38. Kf4 Rh1 39. gxh5+ Kxh5 40. Re5+ Kg6 41. Rg5+ Kh6 42. Rg4 Ra1 43. Rg2 Rc1 44. Re2 Rh1 45. Kg3 Rg1+ 46. Kh2 Rc1 47.
Re6+ 1-0

[Event "Early-Titled-Tuesday-Blitz-September-12-2023"]
[Site "Chess.com"]
[Date "2023.09.12"]
[Round "4"]
[White "DonJuanEGenaro"]
[Black "FARIZA2018"]
[Result "0-1"]
[WhiteElo "1967"]
[BlackElo "2532"]
[TimeControl "180+1"]
[EndTime "8:38:47 PDT"]
[Termination "FARIZA2018 won on time"]

1. d4 Nf6 2. Nf3 d5 3. c4 e6 4. Nc3 Be7 5. g3 O-O 6. Bg2 c6 7. O-O dxc4 8. Ne5 Nbd7 9. Nxc4 Re8 10. a4 Nb6 11. Ne5 a5 12. e4 Bd7 13. b3 Qc7 14. Be3 Rad8 15. Bf4 Qc8 16. Rc1 Qa8 17. Qd2 Bc8 18. Rfd1 Nbd7 19. Nc4 Nf8 20. Bc7 Ng6 21. Nb6 Qa7 22. Bxd8 Rxd8 23. Nxc8 Rxc8 24. d5 exd5 25. exd5 Bb4 26. dxc6 bxc6 27. Qg5 h6 28. Qf5 Ne7 29.
Qe5 Bc5 30. Ne4 Nxe4 31. Qxe4 Bxf2+ 32. Kh1 Bc5 33. Qg4 Rb8 34. Rd6 Bxd6 35. h4 Qe3 36. Rf1 Qxg3 37. Qxg3 Bxg3 38. Rf3 Bd6 0-1

[Event "Early-Titled-Tuesday-Blitz-September-12-2023"]
[Site "Chess.com"]
[Date "2023.09.12"]
[Round "4"]
[White "RobertoJBM"]
[Black "Amirreza_p"]
[Result "1-0"]
[WhiteElo "2819"]
[BlackElo "2567"]
[TimeControl "180+1"]
[EndTime "8:38:48 PDT"]
[Termination "RobertoJBM won by resignation"]

1. d4 Nf6 2. c4 e6 3. Nf3 d5 4. Nc3 Bb4 5. Bg5 h6 6. Bxf6 Qxf6 7. Qa4+ Nc6 8. e3 O-O 9. Rc1 Qe7 10. a3 Bxc3+ 11.
Rxc3 a6 12. cxd5 exd5 13. Be2 Qd6 14. O-O Ne7 15. Ne5 c6 16. b4 f6 17. Nd3 Nf5 18.
Nc5 Qe7 19. Bd3 Nd6 20. Qc2 f5 21. g3 g5 22. Re1 Kh8 23. Qe2 Be6 24. Qh5 Kg7 25.
Rc2 Bf7 26. Qf3 Bg6 27. Qd1 Qf7 28. a4 Rae8 29. Rb2 f4 30. exf4 gxf4 31. Bxg6 Qxg6 32. Rbe2 Rxe2 33. Rxe2 Ne4 34. Qd3 Nxc5 35. Qxg6+ Kxg6 36. bxc5 fxg3 37. hxg3 Rf3 38. Rb2 Rd3 39. Rxb7 Rxd4 40.
Rb6 Rxa4 41. Rxc6+ Kg5 42. Rd6 Rd4 43. Rxa6 Rc4 44. Rc6 d4 45. Kg2 d3 46. Rd6 Rxc5 47. Rxd3 Rf5 48. Rd6 h5 49. f3 Rf8 50. f4+ Kf5 51.
Rh6 Kg4 52. Rg6+ Kf5 53. Rg5+ Ke4 54. Rxh5 Rg8 55. Re5+ Kd4 56. Kf3 Rh8 57. Re1 Rg8 58. f5 Kd5 59. Kf4 1-0

[Event "Early-Titled-Tuesday-Blitz-September-12-2023"]
[Site "Chess.com"]
[Date "2023.09.12"]
[Round "4"]
[White "ljuks68"]
[Black "pankajfm"]
[Result "1-0"]
[WhiteElo "2452"]
[BlackElo "2099"]
[TimeControl "180+1"]
[EndTime "8:38:48 PDT"]
[Termination "ljuks68 won on time"]

1. e4 c5 2. Nf3 d6 3. d4 cxd4 4. Nxd4 Nf6 5. Nc3 a6 6. Bg5 e6 7. f4 Nc6 8. Qd2 h6 9. Bxf6 Qxf6 10. Nf3 Be7 11. Bd3 Nb4 12. O-O-O Nxd3+ 13. cxd3 Bd7 14. Kb1 b5 15. Rc1 b4 16. Ne2 d5 17. Rc7 dxe4 18. dxe4 Bb5 19. Ned4 Rd8 20. e5 Qg6+ 21.
Ka1 Bd7 22. Qe2 O-O 23. Rg1 Rfe8 24. g4 Bb5 25. Qe3 Qd3 26. Qxd3 Bxd3 27. Nc6 Be4 28.
Nxe7+ Kf8 29. Nc6 Rc8 30. Rxc8 Rxc8 31. Ncd4 Rd8 32. b3 Ke8 33. Kb2 g6 34. Re1 Ba8 35.
Kc2 Bb7 36. Kd3 Rc8 37. Re2 Rd8 38. Ke3 a5 39. Rc2 Ba6 40. Rc7 g5 41. f5 exf5 42.
gxf5 g4 43. Nd2 h5 44. Ne4 h4 45. Nf6+ Kf8 46. e6 fxe6 47. fxe6 1-0

[Event "Early-Titled-Tuesday-Blitz-September-12-2023"]
[Site "Chess.com"]
[Date "2023.09.12"]
[Round "4"]
[White "seramoral"]
[Black "abhidabhi"]
[Result "1-0"]
[WhiteElo "2593"]
[BlackElo "2870"]
[TimeControl "180+1"]
[EndTime "8:38:50 PDT"]
[Termination "seramoral won on time"]

1. e4 c5 2. Nf3 d6 3. d4 cxd4 4.
Nxd4 Nf6 5. Nc3 Nc6 6. Bg5 Bd7 7. Qd2 a6 8. O-O-O e6 9. f3 Nxd4 10. Qxd4 Be7 11. Kb1 Qc7 12. g4 b5 13. Be3 O-O 14. g5 Nh5 15. h4 Rfc8 16. Qd2 Ng3 17.
Rg1 Nxf1 18. Rdxf1 b4 19. Ne2 Ba4 20. Rc1 a5 21. h5 Be8 22. Nd4 a4 23. g6 Bf6 24.
c3 bxc3 25. Rxc3 Qb7 26. gxf7+ Bxf7 27. h6 Rxc3 28. Qxc3 Rc8 29. Qd2 a3 30. b3 g6 31.
Rc1 d5 32. Rxc8+ Qxc8 33. exd5 exd5 34. Bg5 Bh8 35. Qe3 Qd7 36. Nc2 d4 37. Qf4 d3 38. Nxa3 Qa7 39. Nc4 Be6 40. Qe3 Qd7 41.
Qc5 d2 42. Nxd2 Bd4 43. Qa5 Bf5+ 44. Ne4 Qe8 45. Qd5+ 1-0

[Event "Early-Titled-Tuesday-Blitz-September-12-2023"]
[Site "Chess.com"]
[Date "2023.09.12"]
[Round "4"]
[White "MightyGMpretender"]
[Black "Grandmaster1369"]
[Result "1-0"]
[WhiteElo "2817"]
[BlackElo "2564"]
[TimeControl "180+1"]
[EndTime "8:38:50 PDT"]
[Termination "MightyGMpretender won on time"]

1. e4 c5 2. Nf3 e6 3. b3 a6 4. Bb2 Nc6 5. g3 d5 6. exd5 exd5 7.
Bg2 Qe7+ 8. Qe2 Qxe2+ 9. Kxe2 Bg4 10. Re1 f6 11. Kf1+ Kf7 12. h3 Be6 13. Nc3 Rd8 14.
Ne2 Bd6 15. d4 c4 16. bxc4 dxc4 17. d5 Bxd5 18. Ng5+ fxg5 19. Bxd5+ Kg6 20. Bxc4 Nf6 21. Rad1 Be5 22. c3 Rxd1 23. Rxd1 Rd8 24. Nd4 Bxd4 25. cxd4 Nd5 26. Rc1 Nf6 27. Bxa6 bxa6 28. Rxc6 Rb8 29. Bc3 Rb1+ 30. Ke2 Rc1 31. Kd3 a5 32. d5 Rd1+ 33. Kc4 Kf5 34. Bxf6 gxf6 35. Ra6 Ke4 36. Re6+ Kf5 37.
Re2 a4 38. Kc5 Rc1+ 39. Kb6 Rb1+ 40. Kc7 a3 41. Re3 Rc1+ 42. Kd7 Rd1 43. d6 Rd2 44.
Rxa3 Rxf2 45. Ra5+ Ke4 46. Ke6 Rd2 47. d7 Kf3 48.
Rd5 1-0

[Event "Early-Titled-Tuesday-Blitz-September-12-2023"]
[Site "Chess.com"]
[Date "2023.09.12"]
[Round "4"]
[White "Dewarfd"]
[Black "sjoerd893"]
[Result "0-1"]
[WhiteElo "2148"]
[BlackElo "2464"]
[TimeControl "180+1"]
[EndTime "8:38:50 PDT"]
[Termination "sjoerd893 won by checkmate"]

1. d4 d5 2. e3 Nf6 3. Nf3 c6 4. c4 e6 5. Nc3 Nbd7 6. Bd3 Bd6 7. O-O O-O 8. e4 dxc4 9. Bxc4 e5 10. Be3 exd4 11.
Nxd4 Ne5 12. Be2 Neg4 13. Bxg4 Nxg4 14. h3 Nxe3 15. fxe3 Bxh3 16. gxh3 Qg5+ 17. Kf2 Rad8 18. Ke2 Be5 19. b4 Qg2+ 20. Rf2 Qxh3 21. Qh1 Qg4+ 22.
Qf3 Qg6 23. Qf5 Bxd4 24. Qxg6 hxg6 25. exd4 Rxd4 26. a3 Rfd8 27. Rd1 Rxd1 28. Nxd1 f6 29. Ne3 Rd4 30. Rf4 g5 31. Rg4 Kf7 32. Nf5 Rd7 33.
Ke3 g6 34. Nd4 Rd8 35. Nb3 b6 36. Nd4 Rc8 37. Rg1 c5 38. bxc5 Rxc5 39. Rb1 Rc3+ 40. Kd2 Rxa3 41. Nb5 Ra4 42. Rc1 Ke6 43. Kd3 a6 44.
Nc3 b5 45. Nd5 Ke5 46. Ne7 Ra3+ 47. Ke2 Kxe4 48. Rc6 Ra2+ 49. Kd1 f5 50. Nxg6 g4 51. Re6+ Kd3 52. Re5 Ra1# 0-1